[Event "AUT Bundesliga 2024-25"]
[Site "Austria"]
[Date "2025.04.02"]
[Round "6.1"]
[White "Parligras, Mircea-Emilian"]
[Black "Pechac, Jergus"]
[Result "1/2-1/2"]
[Annotator "TA"]
[ECO "D41"]
[WhiteElo "2507"]
[BlackElo "2600"]
[PlyCount "63"]
[EventDate "2024.08.28"]
[EventType "team-tourn"]
[EventCountry "AUT"]
[SourceTitle "playchess.com"]
[Source "ChessBase"]
[SourceQuality "1"]
[TimeControl "40/5400+30:1800+30"]

1. d4 Nf6 2. c4 e6 3. Nf3 d5 4. Nc3 c5 5. cxd5 cxd4 6. Qxd4 exd5 7. e4 {[%emt 0:00:39] D41: Queen's Gambit Declined: Semi-Tarrasch with 5 cxd5.} dxe4 8. Qxd8+ Kxd8 9. Ng5 {[%emt 0:00:10][%csl LRe4,LRf7] White is slightly better.} Be6 10. Nxe6+ fxe6 11. Bg5 Nc6 12. O-O-O+ {[%emt 0:01:20] White sacrificed a pawn} Ke8 13. Bb5 Rc8 14. Rhe1 Bb4 15. Bxf6 gxf6 16. Rxe4 Bxc3 17. bxc3 Ke7 18. Rde1 Nd8 $146 (18... e5 19. Kb2 Nd8 20. Bd3 Ne6 21. Rh4 Rcd8 22. Kc2 Nc5 23. Bf5 Kf7 24. Rd1 Rxd1 25. Kxd1 {1-0 Werner,J (2392)-Mager,F (2233) GER DSF C10 f email rapid 2019}) 19. Bc4 Rc6 20. R1e3 f5 {[%emt 0:02:12] The position is equal.} 21. Rh4 Kf6 22. Bb3 Nf7 23. Rd4 Rd8 {[%emt 0:13:54] Prevents Rd7} 24. Rxd8 Nxd8 $11 {[%emt 0:00:50][%mdl 4096] Endgame KRB-KRN} 25. Rd3 Ke7 26. Rh3 Nf7 27. Rxh7 Rxc3+ 28. Kd2 Rc8 29. Rh4 b5 30. a4 a6 31. axb5 axb5 32. Rb4 {[%emt 0:07:06] Weighted Error Value: White=0.03 (flawless) /Black=0.02 (flawless)   Inaccurate:     	---       	Black=1      OK:         	White=10    	Black=12     Best:        	White=1     	Black=2} 1/2-1/2

[Event "AUT Bundesliga 2024-25"]
[Site "Austria"]
[Date "2025.04.02"]
[Round "6.2"]
[White "Zilka, Stepan"]
[Black "Kozul, Zdenko"]
[Result "1/2-1/2"]
[Annotator "TA"]
[ECO "E71"]
[WhiteElo "2515"]
[BlackElo "2507"]
[PlyCount "85"]
[EventDate "2024.08.28"]
[EventType "team-tourn"]
[EventCountry "AUT"]
[SourceTitle "playchess.com"]
[Source "ChessBase"]
[SourceQuality "1"]
[TimeControl "40/5400+30:1800+30"]

1. d4 Nf6 2. c4 g6 3. Nc3 Bg7 4. e4 d6 5. h3 Nbd7 6. Be3 {[%emt 0:00:59] E71: King's Indian: 4 e4 d6 5 h3.} e5 7. d5 h5 $1 {[%emt 0:05:24][%mdl 4] is currently scoring better than 7...Nc5.} 8. Nf3 {[%emt 0:13:49] White is slightly better. White is more active.} Bh6 9. Bxh6 Rxh6 10. Qd2 Rh8 11. Be2 h4 $146 (11... Kf8 12. O-O-O Kg7 13. Qe3 Qe7 14. Nd2 h4 15. g4 Nh7 16. Nf3 g5 17. Kb1 b6 {0-1 Kostov,D (2347)-Ivic,V (2622) Delft OGD Rapid op 24th 2025 (2)}) 12. O-O-O a5 13. g3 hxg3 14. fxg3 Nh5 15. Rhg1 Nc5 16. h4 Qe7 17. Ne1 Nf6 18. Bf3 b6 19. Nd3 Nxd3+ 20. Qxd3 Nd7 21. Rdf1 {[%emt 0:10:22] Not much happening anymore} Nc5 $1 22. Qe3 Bd7 23. Be2 O-O-O 24. Qg5 Qxg5+ 25. hxg5 Rh7 26. Kd2 Rdh8 27. Ke3 Kd8 28. Rf2 Be8 29. b3 Rh1 30. Rxh1 Rxh1 31. Rf1 Rxf1 (31... Rh2 $1 $15) 32. Bxf1 $15 {[%emt 0:00:02][%mdl 4096] Endgame KBN-KBN. The position is equal.} Nd7 33. Kf3 Nf8 34. Kg4 $1 Nh7 35. Kh4 Bd7 36. Be2 c6 37. Bg4 Kc7 38. Bxd7 Kxd7 39. Kg4 Kc7 40. a3 Nf8 41. b4 axb4 42. axb4 c5 43. b5 {[%emt 0:01:17] Weighted Error Value: White=0.05 (flawless) /Black=0.05 (flawless)   Mistake:       	---       	Black=1      Inaccurate:     	White=1     	Black=1      OK:         	White=14    	Black=18     Strong:       	White=1     	Black=1} 1/2-1/2

[Event "AUT Bundesliga 2024-25"]
[Site "Austria"]
[Date "2025.04.02"]
[Round "6.3"]
[White "Mohr, Georg"]
[Black "Hracek, Zbynek"]
[Result "1/2-1/2"]
[Annotator "TA"]
[ECO "B43"]
[WhiteElo "2385"]
[BlackElo "2538"]
[PlyCount "60"]
[EventDate "2024.08.28"]
[EventType "team-tourn"]
[EventCountry "AUT"]
[SourceTitle "playchess.com"]
[Source "ChessBase"]
[SourceQuality "1"]
[TimeControl "40/5400+30:1800+30"]

1. e4 c5 2. Nf3 e6 3. d4 cxd4 4. Nxd4 a6 5. Nc3 b5 6. Bd3 Bb7 7. O-O Nc6 8. Nxc6 Bxc6 9. Re1 {[%emt 0:03:18] B43: Sicilian: Kan Variation: 5 Nc3.} Bd6 10. Qg4 $146 (10. e5 Bc7 11. a4 b4 12. Qg4 Ne7 13. Qxb4 Ng6 14. Qg4 Qb8 15. f4 O-O 16. Ne4 f5 17. exf6 gxf6 {½-½ Firouzja,A (2767)-Carlsen,M (2832) Julius Baer GenCup D1 W rapid 2024 (4.1)}) 10... Nf6 {[%emt 0:00:49] The position is equal.} 11. Qe2 {[%emt 0:04:38] and e5 would now be decisive} (11. Qh4 $5 Qc7 12. a3 $11) 11... Be5 {[%emt 0:13:20] [#]} 12. Nd5 $1 O-O 13. Nxf6+ Qxf6 14. c3 Qh4 15. h3 g6 16. Qe3 Qe7 (16... Rfb8 {feels hotter.} 17. a3 a5 18. Qc5 Qf6) 17. Qe2 b4 18. c4 a5 19. Be3 Qf6 20. Rab1 Rfd8 21. Qd2 Bd4 22. Bf4 d6 23. Re2 Qg7 24. Bh6 Qe5 25. Bf4 Qg7 26. Bh6 Qe5 27. Bf4 Qg7 28. Bh6 Qe5 29. Bf4 Qg7 30. Bh6 Qe5 {[%emt 0:01:30] Weighted Error Value: White=0.05 (flawless) /Black=0.05 (flawless)   OK:         	White=13    	Black=6} 1/2-1/2

[Event "AUT Bundesliga 2024-25"]
[Site "Austria"]
[Date "2025.04.02"]
[Round "6.4"]
[White "Stalmach, Richard"]
[Black "Schnider, Gert"]
[Result "1-0"]
[Annotator "RC"]
[ECO "E04"]
[WhiteElo "2427"]
[BlackElo "2368"]
[PlyCount "57"]
[EventDate "2024.08.28"]
[EventType "team-tourn"]
[EventCountry "AUT"]
[SourceTitle "playchess.com"]
[Source "ChessBase"]
[SourceQuality "1"]
[TimeControl "40/5400+30:1800+30"]

1. d4 Nf6 2. c4 e6 3. g3 d5 4. Bg2 dxc4 5. Nf3 Nc6 6. Qa4 Bb4+ 7. Bd2 Nd5 8. Bxb4 Ndxb4 9. a3 b5 10. Qxb5 Nc2+ 11. Kd2 Bd7 12. Kxc2 Nxd4+ 13. Nxd4 Bxb5 14. Nxb5 Rb8 15. N1c3 O-O 16. Rhd1 Qg5 17. f4 Qh5 18. Bf3 Qf5+ 19. Be4 Qc5 20. Nd4 Qb6 21. Rab1 Rbd8 22. Nc6 Rd6 23. Ne5 Qb3+ 24. Kc1 Rxd1+ 25. Nxd1 Rd8 26. Nc3 f6 27. Nc6 Rd7 28. Nb4 c5 29. Bc2 1-0

[Event "AUT Bundesliga 2024-25"]
[Site "Austria"]
[Date "2025.04.02"]
[Round "6.5"]
[White "Fahrner, Kurt"]
[Black "Haba, Petr"]
[Result "1/2-1/2"]
[Annotator "RC"]
[ECO "C47"]
[WhiteElo "2266"]
[BlackElo "2413"]
[PlyCount "62"]
[EventDate "2024.08.28"]
[EventType "team-tourn"]
[EventCountry "AUT"]
[SourceTitle "playchess.com"]
[Source "ChessBase"]
[SourceQuality "1"]
[TimeControl "40/5400+30:1800+30"]

1. e4 e5 2. Nf3 Nc6 3. Nc3 Nf6 4. g3 d5 5. exd5 Nxd5 6. Bg2 Nxc3 7. bxc3 Bc5 8. O-O O-O 9. Re1 Re8 10. d4 exd4 11. Rxe8+ Qxe8 12. cxd4 Bf8 13. Bf4 Bd6 14. Qd2 Bf5 15. Re1 Qd7 16. Ne5 Bxe5 17. Bxe5 Rd8 18. c3 Nxe5 19. Rxe5 c6 20. c4 f6 21. Re3 Be6 22. d5 cxd5 23. cxd5 Bf7 24. h4 b6 25. Kh2 Qd6 26. Qe1 Kf8 27. Rd3 Rc8 28. Rc3 Rxc3 29. Qxc3 Be8 30. Qc2 g6 31. Qc8 Ke7 1/2-1/2

[Event "AUT Bundesliga 2024-25"]
[Site "Austria"]
[Date "2025.04.02"]
[Round "6.6"]
[White "Bures, Jaroslav"]
[Black "Krebs, Johann"]
[Result "1-0"]
[Annotator "RC"]
[ECO "B32"]
[WhiteElo "2396"]
[BlackElo "2231"]
[PlyCount "51"]
[EventDate "2024.08.28"]
[EventType "team-tourn"]
[EventCountry "AUT"]
[SourceTitle "playchess.com"]
[Source "ChessBase"]
[SourceQuality "1"]
[TimeControl "40/5400+30:1800+30"]

1. e4 c5 2. Nf3 Nc6 3. d4 cxd4 4. Nxd4 e5 5. Nb5 d6 6. c4 Be6 7. Be3 Nf6 8. f3 a6 9. N5c3 g6 10. Nd5 Nd7 11. Qd2 Bg7 12. Nbc3 O-O 13. O-O-O Rc8 14. h4 h5 15. g4 Nd4 16. gxh5 gxh5 17. Qg2 Kh7 18. Qg5 Qxg5 19. hxg5 Rfe8 20. Rxh5+ Kg6 21. Rh1 f5 22. Bxd4 exd4 23. Nf4+ Kxg5 24. Nxe6+ Rxe6 25. Nd5 Ree8 26. Bh3 1-0

[Event "AUT Bundesliga 2024-25"]
[Site "Austria"]
[Date "2025.04.02"]
[Round "6.7"]
[White "Ragger, Markus"]
[Black "Karthik Venkataraman"]
[Result "1/2-1/2"]
[Annotator "TA"]
[ECO "B52"]
[WhiteElo "2585"]
[BlackElo "2565"]
[PlyCount "55"]
[EventDate "2024.08.28"]
[EventType "team-tourn"]
[EventCountry "AUT"]
[SourceTitle "playchess.com"]
[Source "ChessBase"]
[SourceQuality "1"]
[TimeControl "40/5400+30:1800+30"]

1. e4 c5 2. Nf3 d6 3. Bb5+ Bd7 4. Bxd7+ Nxd7 5. c4 e6 6. Nc3 {[%emt 0:01:01] B52: Sicilian: Moscow Variation with 3...Bd7.} Be7 7. O-O a6 8. d4 {[%emt 0:03:51] The position is equal.} cxd4 9. Nxd4 Rc8 10. b3 Ngf6 (10... b5 $5) 11. Bb2 Qa5 12. Qe1 $146 (12. Rc1 O-O 13. h3 Rfe8 14. Re1 Qh5 15. Nf3 Qa5 16. Qe2 Ne5 17. Nxe5 dxe5 18. Red1 {0-1 Arjun,K (2509)-Albornoz Cabrera,C (2585) Monsaraz Rapid op 2023 (5)}) 12... Qh5 13. f3 O-O 14. g4 Qc5 15. Qf2 g6 16. Rad1 Rfe8 17. Kh1 e5 18. Nc2 Qxf2 19. Rxf2 Nc5 20. Ba3 Nfd7 21. Ne3 Bh4 22. Rg2 Be7 23. Ncd5 Bd8 24. Nb4 {[%emt 0:04:17] White is much more active.} Be7 25. Nbd5 {[%emt 0:02:02] Nxe7+ would now be deadly.} Bd8 26. Nb4 Be7 $1 27. Nd3 Ne6 28. Nb4 {[%emt 0:08:00] Weighted Error Value: White=0.16 (very precise) /Black=0.08 (flawless)   Mistake:       	White=1     	---        Inaccurate:     	White=2     	Black=3      OK:         	White=7     	Black=6      Best:        	---       	Black=1      Strong:       	---       	Black=1} (28. Rb2 $14) 1/2-1/2

[Event "AUT Bundesliga 2024-25"]
[Site "Austria"]
[Date "2025.04.02"]
[Round "6.8"]
[White "Pajeken, Jakob Leon"]
[Black "Costa, Leonardo"]
[Result "0-1"]
[Annotator "RC"]
[ECO "D36"]
[WhiteElo "2435"]
[BlackElo "2510"]
[PlyCount "144"]
[EventDate "2024.08.28"]
[EventType "team-tourn"]
[EventCountry "AUT"]
[SourceTitle "playchess.com"]
[Source "ChessBase"]
[SourceQuality "1"]
[TimeControl "40/5400+30:1800+30"]

1. d4 Nf6 2. Nf3 d5 3. c4 e6 4. Nc3 Nbd7 5. cxd5 exd5 6. Bg5 h6 7. Bh4 Be7 8. e3 O-O 9. Bd3 c6 10. Qc2 Re8 11. O-O Ne4 12. Bxe4 Bxh4 13. Bh7+ Kh8 14. Nxh4 Qxh4 15. Bd3 Qe7 16. Rfe1 Nf6 17. f3 Bd7 18. Qf2 Rad8 19. Rad1 c5 20. dxc5 Qxc5 21. Bc2 Bc6 22. Bb3 Kg8 23. Rd4 Re5 24. Red1 Rde8 25. R1d3 Qb6 26. Qd2 a6 27. Kf2 Ne4+ 28. fxe4 dxe4 29. Na4 Bxa4 30. Bxa4 exd3 31. Bxe8 Rxe8 32. Rxd3 Re6 33. Rd4 Rg6 34. Kg1 Qe6 35. b3 Qe5 36. Qd3 Qg5 37. g3 Qe5 38. Qe4 Qc7 39. Rc4 Qd7 40. Rd4 Qc7 41. Rc4 Qa5 42. Rc2 Qd8 43. Kg2 Qd7 44. Qe5 Re6 45. Qf5 b5 46. e4 Qb7 47. Qd5 Qe7 48. Re2 g6 49. Rf2 h5 50. Rf4 Kg7 51. e5 Qc7 52. a4 Qxe5 53. Qxe5+ Rxe5 54. axb5 axb5 55. Rd4 Re2+ 56. Kf3 Rxh2 57. Rb4 g5 58. Rxb5 Kg6 59. Rb8 g4+ 60. Ke4 Rg2 61. Rg8+ Kf6 62. Rh8 Rxg3 63. Rxh5 Rxb3 64. Kf4 Rb4+ 65. Kg3 Kg6 66. Ra5 f5 67. Kh4 Kf6 68. Ra8 Rb3 69. Rf8+ Ke5 70. Kg5 Rf3 71. Re8+ Kd4 72. Kh4 Re3 0-1

[Event "AUT Bundesliga 2024-25"]
[Site "Austria"]
[Date "2025.04.02"]
[Round "6.9"]
[White "Halvax, Georg"]
[Black "Janzelj, Tim"]
[Result "1-0"]
[Annotator "RC"]
[ECO "A90"]
[WhiteElo "2441"]
[BlackElo "2404"]
[PlyCount "101"]
[EventDate "2024.08.28"]
[EventType "team-tourn"]
[EventCountry "AUT"]
[SourceTitle "playchess.com"]
[Source "ChessBase"]
[SourceQuality "1"]
[TimeControl "40/5400+30:1800+30"]

1. d4 e6 2. c4 f5 3. Nf3 Nf6 4. g3 d5 5. Bg2 Bd6 6. O-O c6 7. Qc2 O-O 8. b3 Qe7 9. a4 a5 10. Ba3 Bxa3 11. Nxa3 b6 12. Ne5 Bb7 13. Rfc1 Nfd7 14. Nd3 Na6 15. Qd2 Nf6 16. Qf4 Ne4 17. Qe5 Rae8 18. f3 Nf6 19. Qe3 c5 20. dxc5 bxc5 21. cxd5 Nxd5 22. Qe5 f4 23. Nc4 Nab4 24. Nxf4 Nxf4 25. gxf4 Nc6 26. Qe3 Nd4 27. Nxa5 Ba6 28. Bf1 e5 29. b4 cxb4 30. Nc6 Qf6 31. Nxe5 Ne6 32. Rc6 Qxf4 33. Qxf4 Nxf4 34. Rxa6 Rxe5 35. Kf2 Rc8 36. Ra2 Rh5 37. Kg3 Nd5 38. Ra5 Rb8 39. e4 Nf6 40. Bc4+ Kf8 41. Rxh5 Nxh5+ 42. Kf2 Ke7 43. a5 Kd6 44. a6 Kc5 45. Bd5 b3 46. Bxb3 Nf4 47. a7 Ra8 48. Ke3 g5 49. Ra5+ Kb4 50. Rxg5 h6 51. Rg8 1-0

[Event "AUT Bundesliga 2024-25"]
[Site "Austria"]
[Date "2025.04.02"]
[Round "6.10"]
[White "Sebenik, Matej"]
[Black "Genser, Harald"]
[Result "1-0"]
[Annotator "TA"]
[ECO "E06"]
[WhiteElo "2491"]
[BlackElo "2271"]
[PlyCount "59"]
[EventDate "2024.08.28"]
[EventType "team-tourn"]
[EventCountry "AUT"]
[SourceTitle "playchess.com"]
[Source "ChessBase"]
[SourceQuality "1"]
[TimeControl "40/5400+30:1800+30"]

1. d4 d5 2. c4 e6 3. Nf3 Nf6 4. g3 Be7 5. Bg2 O-O 6. O-O a5 7. Qc2 {[%emt 0:04:32] E06: Closed Catalan: Early deviations.} Nbd7 8. Rd1 dxc4 9. Ne5 {[%emt 0:11:13] White has an edge.} Nxe5 10. dxe5 Nd5 $146 (10... Nd7 11. a4 c6 12. Na3 f6 13. Qxc4 fxe5 14. Qxe6+ Kh8 15. Be3 Qe8 16. Qb3 Nf6 {0-1 Van Zyl,C (1834)-Priyanka,N (2267) Sitges Sunway op 10th 2023 (1)}) 11. a3 {[%emt 0:23:34][%cal Oe2e4] Prevents Nb4} Qe8 12. Qxc4 Bd7 13. Nc3 $1 Nxc3 14. Qxc3 c6 {[%emt 0:10:37] White has space advantage and is better White leaves nothing to chance now.} (14... Bc6 $142) 15. Be3 $16 Ra6 {[%emt 0:07:43] Black is weak on the dark squares} 16. Rd2 (16. Bc5 $18) 16... Bc8 (16... Qc8 $16) 17. Rad1 $18 f6 18. Bc5 fxe5 19. Be4 Ra8 20. Bd6 Qf7 21. f3 $36 {[%emt 0:00:03][%mdl 2048] White is in control. Active counter play!} ({Less strong is} 21. Bxe5 Qxf2+ 22. Kh1 Bg5 $14) 21... Rd8 (21... Bxd6 $142 22. Rxd6 Qf6) 22. Bxe7 ({Much less strong is} 22. Bxe5 Rd5 23. f4 Rxd2 24. Qxd2 (24. Rxd2 a4 $16) 24... h6) 22... Rxd2 23. Rxd2 Qxe7 24. Qxe5 a4 25. Kg2 g6 (25... h6 $142 26. h4 Kh8) 26. h4 {[%emt 0:00:20] White is clearly winning.} Bd7 27. Qc7 Rd8 28. Qxb7 e5 29. Bxc6 Bh3+ 30. Kh2 {[%emt 0:00:10] Weighted Error Value: White=0.04 (flawless) /Black=0.49  Mistake:       	White=1     	Black=4      Inaccurate:     	---       	Black=3      OK:         	White=11    	Black=6      Best:        	White=3     	---        Strong:       	White=1     	---} 1-0

[Event "AUT Bundesliga 2024-25"]
[Site "Austria"]
[Date "2025.04.02"]
[Round "6.11"]
[White "Hartl, Daniel"]
[Black "Schreiner, Peter"]
[Result "1/2-1/2"]
[Annotator "RC"]
[ECO "E62"]
[WhiteElo "2271"]
[BlackElo "2425"]
[PlyCount "148"]
[EventDate "2024.08.28"]
[EventType "team-tourn"]
[EventCountry "AUT"]
[SourceTitle "playchess.com"]
[Source "ChessBase"]
[SourceQuality "1"]
[TimeControl "40/5400+30:1800+30"]

1. d4 Nf6 2. c4 g6 3. g3 Bg7 4. Bg2 O-O 5. Nc3 d6 6. Nf3 c6 7. O-O Bf5 8. Ne1 Be6 9. d5 cxd5 10. cxd5 Bd7 11. Be3 a5 12. Qb3 Na6 13. Nd3 b5 14. Nxb5 a4 15. Qc4 Rc8 16. Qxa4 Nc7 17. Nb4 Bxb5 18. Qd1 Na6 19. Nc6 Bxc6 20. dxc6 Ng4 21. Bd4 Bxd4 22. Qxd4 Ne5 23. b4 Nxc6 24. Bxc6 Rxc6 25. b5 Rb6 26. bxa6 Rxa6 27. a4 Qd7 28. Rfb1 Rfa8 29. Rb4 h5 30. h4 Ra5 31. Qe4 e5 32. Rb7 Qe8 33. Qb4 Rxa4 34. Rxa4 Qxa4 35. Qxd6 Qe4 36. Rb8+ Rxb8 37. Qxb8+ Kg7 38. e3 Qd5 39. Qc7 Kf6 40. Qc2 Qf3 41. e4 Kg7 42. Qc6 Qd1+ 43. Kg2 Qd4 44. Kf3 Qa1 45. Kg2 Qd4 46. Kf3 Qd2 47. Qb5 Qd6 48. Ke2 Qe6 49. Ke3 Qe7 50. Qd5 Qf6 51. Ke2 Qe7 52. Ke3 f6 53. Qa5 Qd7 54. Qc5 Qf7 55. Ke2 Kh6 56. Qd5 Qg7 57. Qd6 Kh7 58. f4 Qb7 59. Qxf6 Qxe4+ 60. Kf2 Qc2+ 61. Kg1 Qd1+ 62. Kh2 Qc2+ 63. Kh1 Qc1+ 64. Kh2 Qd2+ 65. Kg1 Qd4+ 66. Kh2 Qf2+ 67. Kh3 Qf1+ 68. Kh2 Qe2+ 69. Kg1 Qd1+ 70. Kh2 Qc2+ 71. Kh1 Qb1+ 72. Kh2 Qa2+ 73. Kh3 exf4 74. Qxf4 Qa7 1/2-1/2

[Event "AUT Bundesliga 2024-25"]
[Site "Austria"]
[Date "2025.04.02"]
[Round "6.12"]
[White "Dotzer, Lukas"]
[Black "Steiner, Josef"]
[Result "1-0"]
[Annotator "RC"]
[ECO "B01"]
[WhiteElo "2453"]
[BlackElo "2046"]
[PlyCount "101"]
[EventDate "2024.08.28"]
[EventType "team-tourn"]
[EventCountry "AUT"]
[SourceTitle "playchess.com"]
[Source "ChessBase"]
[SourceQuality "1"]
[TimeControl "40/5400+30:1800+30"]

1. e4 d5 2. exd5 Qxd5 3. Nc3 Qd6 4. d4 c6 5. Nf3 Nf6 6. h3 Bf5 7. Ne5 h6 8. g4 Bh7 9. Bc4 e6 10. Qe2 Nbd7 11. h4 Nd5 12. Nxd5 exd5 13. Ng6+ Qe6 14. Qxe6+ fxe6 15. Nxh8 dxc4 16. c3 e5 17. h5 c5 18. d5 Nf6 19. g5 hxg5 20. Bxg5 Nxd5 21. Ng6 Bxg6 22. hxg6 Ne7 23. Bxe7 Kxe7 24. O-O-O Kf6 25. Rd7 b5 26. Rb7 b4 27. Rd1 Kxg6 28. Rbd7 Kf5 29. Rd8 Rxd8 30. Rxd8 Be7 31. Rd7 Ke6 32. Rxa7 e4 33. a4 bxa3 34. bxa3 g5 35. Kd2 Bf6 36. Ra6+ Kf5 37. Rxf6+ Kxf6 38. Ke3 Ke5 39. a4 Kd5 40. a5 Kc6 41. Kxe4 Kb5 42. Kd5 Kxa5 43. Kxc5 Ka6 44. Kxc4 Kb6 45. Kd5 Kc7 46. Ke5 Kc6 47. Kf5 Kc5 48. Kxg5 Kc4 49. f4 Kxc3 50. f5 Kd4 51. f6 1-0

[Event "AUT Bundesliga 2024-25"]
[Site "Austria"]
[Date "2025.04.02"]
[Round "6.13"]
[White "Horvath, Dominik"]
[Black "Dragnev, Valentin"]
[Result "0-1"]
[Annotator "TA"]
[ECO "C10"]
[WhiteElo "2543"]
[BlackElo "2538"]
[PlyCount "52"]
[EventDate "2024.08.28"]
[EventType "team-tourn"]
[EventCountry "AUT"]
[SourceTitle "playchess.com"]
[Source "ChessBase"]
[SourceQuality "1"]
[TimeControl "40/5400+30:1800+30"]

1. e4 e6 2. d4 d5 3. exd5 exd5 4. Nf3 Nc6 5. Nc3 Nf6 6. Ne5 {[%emt 0:05:39] C10: French with 3 Nc3: Unusual Black 3rd moves and 3...dxe4.} Bd6 7. Nxc6 $146 (7. Bf4 O-O 8. Be2 Re8 9. Nxc6 bxc6 10. Be3 Rb8 11. Rb1 Bf5 12. O-O Qd7 13. Na4 Ng4 14. Bxg4 Bxg4 {1-0 Gasparyan,D (2189)-Lemos,D (2169) Titled Tuesday intern op 09th Jan Late blitz 2024 (2)}) 7... bxc6 8. Bd3 {[%emt 0:00:02] The position is equal.} O-O 9. Bg5 ({White should try} 9. O-O $11) 9... Re8+ 10. Ne2 Rb8 11. Qc1 h6 12. Bh4 Qe7 {[%emt 0:02:15][%cal Oc8f5] Black has more active pieces.} 13. Kf1 (13. b3 $17 {was worth a try.}) 13... Bf5 {[%emt 0:08:49] Black has strong rooks and is better} 14. Bxf6 (14. Ng1 $142 Qe6 15. Bxf6 Qxf6 16. Bxf5 Qxf5 17. Nf3) 14... Qxf6 $19 15. h4 $2 (15. Rb1) 15... Bg4 {[%emt 0:14:44] aiming for ...c5.} 16. c3 c5 17. b3 (17. dxc5 $142 Bxc5 18. Nd4) 17... cxd4 18. cxd4 c5 19. Qd2 c4 20. bxc4 dxc4 21. Bxc4 Rb4 22. Bd3 Bxe2+ 23. Bxe2 {[%emt 0:00:03] White is weak on the dark squares} Rxd4 (23... Qxd4 24. Qxd4 Rxd4 25. Rd1 Rxd1+ 26. Bxd1 $17) 24. Qc1 {[%emt 0:00:58] [#]} Rxe2 25. Kxe2 Re4+ (25... Rxh4 26. Rxh4 Qxh4 27. Qc8+ Bf8 28. Rc1 $18) 26. Kf1 {[%emt 0:02:26] [#]} Bc5 $1 {[%emt 0:00:53][%mdl 512] White got outplayed after the opening.   Weighted Error Value: White=1.34/Black=0.44  Mistake:       	White=5     	---        Inaccurate:     	White=3     	Black=1      OK:         	White=2     	Black=4      Best:        	White=1     	Black=1} 0-1

[Event "AUT Bundesliga 2024-25"]
[Site "Austria"]
[Date "2025.04.02"]
[Round "6.14"]
[White "Banusz, Tamas"]
[Black "Kozak, Adam"]
[Result "1-0"]
[Annotator "TA"]
[ECO "D05"]
[WhiteElo "2592"]
[BlackElo "2598"]
[PlyCount "79"]
[EventDate "2024.08.28"]
[EventType "team-tourn"]
[EventCountry "AUT"]
[SourceTitle "playchess.com"]
[Source "ChessBase"]
[SourceQuality "1"]
[TimeControl "40/5400+30:1800+30"]

1. d4 e6 2. Nf3 c5 3. c3 Nf6 4. e3 b6 5. Nbd2 Bb7 6. Bd3 d5 7. Qe2 {[%emt 0:06:44] D05: Colle System with ...e6.} Nc6 8. O-O Be7 9. b3 {[%emt 0:02:11] The position is equal.} O-O 10. Bb2 a5 11. a4 cxd4 12. exd4 Nd7 $146 (12... Re8 13. Rfe1 Rc8 14. Rac1 Nd7 15. Ne5 Ncxe5 16. dxe5 Nc5 17. Bb5 Bg5 18. Rcd1 Bxd2 19. Qxd2 Nxb3 {0-1 Coordes,H-Mannheim,M Theme 23545 freechess.de 2022}) 13. Rfe1 Bf6 14. Rad1 Re8 15. Nf1 g6 16. Ne3 Bg7 17. Qd2 Nf6 {[%emt 0:02:14] Against Ng4} 18. h3 Ne4 19. Qe2 Rc8 20. Ng4 h5 21. Ne3 Ne7 22. Bb5 Rf8 23. c4 Qd6 24. Ne5 Rc7 (24... Rfd8 $11) 25. h4 ({Better is} 25. f3 $14 Ng3 26. Qf2) 25... Rfc8 26. f3 Nf6 27. Rc1 Qd8 28. Qf2 Nc6 29. Rcd1 Na7 30. Ba3 Bf8 31. Bxf8 Qxf8 32. Qg3 Qh6 {[%emt 0:01:39] [#]} (32... Qg7 $14) 33. Kh2 (33. cxd5 $1 $16 Nxb5 34. dxe6) 33... Nc6 {[%emt 0:00:39] [#]} ({Black should try} 33... Qg7 $14) 34. cxd5 $1 $18 Nxe5 35. dxe5 ({But not} 35. d6 $6 Nxf3+ 36. gxf3 Rc3 $14) (35. dxe6 $18 Nxf3+ 36. gxf3 fxe6 37. Bc4) 35... Nxd5 $14 36. Nc4 Ba8 37. Nd6 Rf8 38. Bc4 {[%emt 0:00:38] White has more active pieces.} Kg7 $2 (38... Qf4 $14) 39. Bxd5 $18 Bxd5 {[%emt 0:00:05] [#]} 40. Rxd5 $1 {[%emt 0:00:10] Weighted Error Value: White=0.11 (very precise) /Black=0.35  Loses game:     	---       	Black=1      Mistake:       	White=3     	Black=3      Inaccurate:     	---       	Black=1      OK:         	White=18    	Black=14     Best:        	White=2     	Black=2      Strong:       	White=1     	---} 1-0